 Dungeon Crawl Stone Soup version 0.30.0 (webtiles) character file.

Game seed: 7326342711570626777

326 Jarnaxa the Trooper (level 6, -2/56 HPs)
             Began as a Minotaur Fighter on May 6, 2023.
             Was an Initiate of the Shining One.
             Slain by a lemure (5 damage)
             ... led by Pikel
             ... on level 4 of the Dungeon.
             The game lasted 00:06:36 (3119 turns).

Jarnaxa the Trooper (Minotaur Fighter)              Turns: 3119, Time: 00:06:37

Health: -2/56      AC:  7    Str: 23    XL:     6   Next: 24%
Magic:  5/5        EV:  9    Int:  5    God:    the Shining One [......]
Gold:   319        SH:  6    Dex:  9    Spells: 5/5 levels left

rFire   . . .        a - +0 war axe
rCold   . . .        j - +2 buckler
rNeg    + . .        b - +0 scale mail
rPois   .            (helmet restricted)
rElec   .            (no cloak)
rCorr   .            (no gloves)
SInv    .            (no boots)
Will    .....        (no amulet) Stlth
                     h - ring of positive energy
HPRegen 0.29/turn    (no ring)
MPRegen 0.09/turn

%: no passive effects
@: mighty, glowing
A: horns 2, retaliatory headbutt
a: Renounce Religion


You were on level 4 of the Dungeon.
You worshipped the Shining One.
The Shining One was noncommittal.
You visited 1 branch of the dungeon, and saw 4 of its levels.

You collected 375 gold pieces.
You spent 56 gold pieces at shops.

Inventory:

Hand Weapons
 a - a +0 war axe (weapon)
Missiles
 k - 6 javelins (quivered)
Armour
 b - a +0 scale mail (worn)
 j - a +2 buckler (worn)
Jewellery
 h - a ring of positive energy (left hand)
 m - a ring of protection from cold
 n - a +6 ring of intelligence
 u - a +6 ring of dexterity
Wands
 g - a wand of paralysis (2)
 o - a wand of flame (9)
Scrolls
 c - a scroll of fear
Potions
 d - 3 potions of might
 e - a potion of berserk rage
 f - a potion of flight
 i - 2 potions of curing
 l - 2 potions of mutation
 q - 2 potions of ambrosia
 r - a potion of invisibility
 t - a potion of lignification


   Skills:
 + Level 5.2 Fighting
 + Level 5.0 Axes
 - Level 0.3(3.1) Maces & Flails
 + Level 5.0 Armour
 + Level 0.8 Dodging
 + Level 4.8 Shields


You had 5 spell levels left.
You didn't know any spells.
Your spell library contained the following spells:

 Spells                   Type           Power      Damage    Failure   Level
 Shock                    Conj/Air       0%         1d3       83%         1
 Sting                    Tmut/Pois      0%         1d3       83%         1
 Poisonous Vapours        Pois/Air       0%         N/A       93%         2
 Swiftness                Air            0%         N/A       99%         3
 Airstrike                Air            0%         2d(0-16)  100%        4
 Olgreb's Toxic Radiance  Pois           0%         N/A       100%        4


Dungeon Overview and Level Annotations

Branches:
Dungeon (4/15)
 Temple: D:4-7

Altars:
Ashenzari
Fedhas
The Shining One

Shops:
D:3 ?

Annotations:
D:4 Pikel


Innate Abilities, Weirdness & Mutations

You have a pair of horns on your head.
You reflexively headbutt those who attack you in melee.


Message History

No target in view!
There is a stone staircase leading down here.
Things that are here:
a +0 club; a goblin corpse
There is an open door here.
There is an open door here.
As you open the door, it creaks loudly!
There is an open door here.
You open the door.
There is an open door here.
Things that are here:
a +1 dagger of draining; a +0 ring mail
Found an escape hatch in the ceiling.
There is an escape hatch in the ceiling here.
There is a fountain of clear blue water here.
Pikel and 2 lemures come into view.
Pikel is wielding a +0 whip of freezing and carrying a wand of mindburst (11).
Found a stone staircase leading down.
The lemure shouts! x2; You hear a shout!
Pikel says, "I just want to get paid!"
The lemure moves out of view.
There are monsters nearby!
A lemure comes into view.
The lemure shouts!
A lemure comes into view.
Pikel zaps a wand.
Your mind is blasted!
A hobgoblin comes into view.
It is wielding a +6 spear and carrying a wand of paralysis (6).
The lemure hits you. Pikel closely misses you.
The lemure hits you but does no damage. The lemure hits you!
You hit Pikel.
Pikel is lightly wounded.
You hit the lemure. You slash the lemure!
Pikel hits you with a +0 whip of freezing.
Pikel freezes you.
The lemure hits you but does no damage. x2
You feel very mighty all of a sudden.
Pikel zaps a wand.
Your mind is blasted!
* * * LOW HITPOINT WARNING * * *
The lemure hits you.
You die...

,,,,,,*,*,**,,,,,,,,******#.#####
,*,,,**,*,##.......#*######......
,*,,,,,,*,,........* #...########
,,,,***,,,,,.......* #...#*<,,,,.
,,,**,,,,,,,#...g.#* #...########
*****,*,,,,,#.....# #....##.....
*****,*,,,,,#.....# #....##.##..
**,,,,*,,,,,#.5K55# #....##<##..
**,,,,*,,,,,**#5@#* #....##.##..
,,,,,,*,,,,,* #..# #....##.##..
**,,,**,,,..####.########.....#..
*,,,**,,........................
*,,,****#.......................
*,,,* ###8###8###⌠###8###8#...
***** #** ### ###*#######...
*,,,,........ *****+**###.|


You could see Pikel, 4 lemures and a hobgoblin.

Vanquished Creatures
  An ogre (D:4)
  A scorpion (D:4)
  Ijyb (D:4)
  Terence (D:2)
  5 gnolls (D:3)
  An adder (D:2)
  A worm (D:3)
  A dart slug (D:1)
  2 orcs (D:3)
  8 ball pythons
  3 bats (D:1)
  7 endoplasms
  3 giant cockroaches
  7 goblins
  4 hobgoblins
  6 jackals
  5 kobolds
  2 quokkas
  5 frilled lizards
  9 rats
73 creatures vanquished.

Notes
Turn   | Place    | Note
-------+----------+-------------------------------------------
     0 | D:1      | Jarnaxa the Minotaur Fighter began the quest for the Orb.
     0 | D:1      | Reached XP level 1. HP: 19/19 MP: 0/0
   268 | D:1      | Reached XP level 2. HP: 27/27 MP: 1/1
  1014 | D:2      | Identified the +0 ring mail of Cowardice {Fly Will+ SInv}
  1059 | D:2      | Reached XP level 3. HP: 34/34 MP: 2/2
  1565 | D:2      | Noticed Terence
  1573 | D:2      | Killed Terence
  1574 | D:2      | Reached XP level 4. HP: 36/41 MP: 3/3
  1875 | D:3      | Found Gaeraqib's Magic Scroll Shop.
  1887 | D:3      | Bought a scroll of identify for 28 gold pieces
  1887 | D:3      | Bought a scroll of identify for 28 gold pieces
  1912 | D:3      | HP: 1/41 [gnoll/+0 flail (7)]
  2122 | D:3      | Found a glowing golden altar of the Shining One.
  2229 | D:3      | Became a worshipper of the Shining One
  2306 | D:3      | Reached XP level 5. HP: 47/47 MP: 4/4
  2505 | D:3      | Found a blossoming altar of Fedhas.
  2657 | D:4      | Noticed Ijyb
  2660 | D:4      | Paralysed by Ijyb for 3 turns
  2665 | D:4      | Paralysed by Ijyb for 5 turns
  2676 | D:4      | Killed Ijyb
  2746 | D:4      | Reached skill level 5 in Fighting
  2746 | D:4      | Noticed an ogre
  2754 | D:4      | Killed an ogre
  2755 | D:4      | Reached skill level 5 in Axes
  2755 | D:4      | Reached XP level 6. HP: 27/56 MP: 5/5
  2879 | D:4      | Reached skill level 5 in Armour
  2968 | D:4      | Found a broken altar of Ashenzari.
  3114 | D:4      | Noticed Pikel
  3119 | D:4      | Slain by a lemure

Illustrated notes

Levels and vault maps discovered:
D:1:      dpeg_arrival_more_subterranean_lakeside_camping, layout_basic,
          chequers_serial_rivers_small_3
D:2:      layout_basic, uniq_terence
D:3:      minmay_inner_zag, layout_basic, lemuel_doored_altar,
          mainiacjoe_overflow_cross_hatched, serial_shops, shop
D:4:      layout_basic, mainiacjoe_overflow_24_doors,
          chequers_hall_statues_wall_a, uniq_pikel, uniq_ijyb

Skill      XL: |  1  2  3  4  5  6 |
---------------+-------------------+-----
Fighting       | 4 5 |  5.2
Shields        | 4 |  4.8
Axes           | 3 4 5 |  5.0
Armour         | 4 5 |  5.0
Maces & Flails | |  0.3
Dodging        | |  0.8

Action                     |  1- 3 |  4- 6 || total
---------------------------+-------+-------++-------
  Melee: War axe           |    59 |    76 ||   135
         Headbutt          |    11 |    14 ||    25
         Mace              |       |    26 ||    26
    Use: Scroll            |       |    10 ||    10
         Potion            |       |     3 ||     3
 Armour: Scale mail        |    23 |    48 ||    71
  Dodge: Dodged            |    23 |    45 ||    68
  Block: Buckler           |    10 |    21 ||    31
